 Dungeon Crawl Stone Soup version 0.24.0-10-g970556be89 (console) character file.

Game seed: 4572867343818443061, levelgen mode: deterministic

60 AlterAsc the Changer (level 3, 0/42 HPs)
             Began as a Draconian Transmuter on Nov 3, 2019.
             Succumbed to a kobold's poison
             ... on level 2 of the Dungeon.
             The game lasted 00:03:16 (1232 turns).

AlterAsc the Changer (Draconian Transmuter)         Turns: 1232, Time: 00:03:17

Health: 0/42       AC: 21    Str: 13    XL:     3   Next: 80%
Magic:  7/7        EV:  2    Int: 24    God:
Gold:   52         SH:  0    Dex: 11    Spells: 4/7 levels left

rFire    . . .     SeeInvis .     - Unarmed
rCold    . . .     Gourm    .   (no shield)
rNeg     + + +     Faith    .   (armour unavailable)
rPois    +         Spirit   .   (helmet currently unavailable)
rElec    .         Reflect  .   (cloak currently unavailable)
rCorr    .         Harm     .   (gloves currently unavailable)
MR       .....     NoTele   +   (boots currently unavailable)
Stlth    ++........             h - amulet of magic regeneration
HPRegen  0.14/turn              j - +6 ring of intelligence
MPRegen  0.35/turn              o - ring of stealth

@: brilliant, lethally poisoned (0 -> -23), tree-form
A: unfitting armour, AC +5
a: no special abilities


You were on level 2 of the Dungeon.
You were not hungry.
You were a tree.
You visited 1 branch of the dungeon, and saw 2 of its levels.

You collected 52 gold pieces.

Inventory:

Missiles
 a - 27 arrows
Armour
 i - a +0 pair of gloves (melded)
Jewellery
 h - an amulet of magic regeneration (around neck)
 j - a +6 ring of intelligence (left branch)
 o - a ring of stealth (right branch)
Scrolls
 b - a scroll of fog {unknown}
 e - 2 scrolls of identify {unknown}
 g - a scroll of fear {unknown}
 k - a scroll of teleportation {unknown}
 m - a scroll of amnesia {unknown}
 n - a scroll of remove curse {unknown}
Comestibles
 c - 4 rations
 f - 7 chunks of flesh


   Skills:
 - Level 1.2 Fighting
 - Level 2.0 Dodging
 - Level 3.0 Unarmed Combat
 + Level 2.9 Spellcasting
 + Level 3.1 Transmutations


You had 4 spell levels left.
You knew the following spells:

 Your Spells              Type           Power        Failure   Level  Hunger
a - Beastly Appendage     Tmut           ####..       1%          1    None
b - Sticks to Snakes      Tmut           ####....     1%          2    ##.....

Your spell library contained the following spells:

 Spells                   Type           Power        Failure   Level  Hunger
 Spider Form              Tmut/Pois      ####......   2%          3    ###....
 Ice Form                 Ice/Tmut       ####....     7%          4    ####...
 Blade Hands              Tmut           ####......   10%         5    ######.


Dungeon Overview and Level Annotations

Branches:
Dungeon (2/15)

Altars:

Annotations:
D:2 1 exclusion, Robin


Innate Abilities, Weirdness & Mutations

((Your plain brown scales are hard. (AC +5)))
You cannot fit into any form of body armour.
((You are cold-blooded and may be slowed by cold attacks.))


Message History

* * * LOW HITPOINT WARNING * * *
You are more poisoned.
You barely miss the kobold.
Your tail-slap misses the kobold.
* * * LOW HITPOINT WARNING * * *
You feel sick. The kobold hits you but does no damage.
You closely miss the kobold.
* * * LOW HITPOINT WARNING * * *
You feel sick. The kobold hits you but does no damage.
You are more poisoned.
You closely miss the kobold.
* * * LOW HITPOINT WARNING * * *
You feel sick.
It was a potion of brilliance.
You feel clever all of a sudden.
* * * LOW HITPOINT WARNING * * *
You feel sick. The kobold hits you but does no damage.
It was a potion of lignification.
You turn into a tree.
Your +0 pair of gloves melds into your body.
Your roots penetrate the ground.
You die...

######## ## ###....(.#
.## #....%.#.# ..#
##.♣......#
.#############.K.#####.#
.(..............†#...#
############.#..#)[.#
##....#...# ##...#####
##.... #%.... #######


You could see a kobold.

Vanquished Creatures
  An adder (D:2)
  An ooze (D:1)
  A dart slug (D:2)
  2 leopard geckos
  3 bats (D:1)
  A giant cockroach (D:1)
  7 goblins
  6 hobgoblins
  5 jackals
  4 kobolds
  A quokka (D:2)
  A ball python (D:1)
  2 frilled lizards
  4 rats
39 creatures vanquished.

Vanquished Creatures (others)
  An orc priest (D:2)
  3 orcs (D:2)
  4 goblins (D:2)
  3 hobgoblins (D:2)
11 creatures vanquished.

Grand Total: 50 creatures vanquished

Notes
Turn   | Place    | Note
-------+----------+-------------------------------------------
     0 | D:1      | AlterAsc the Draconian Transmuter began the quest for the
                  | Orb.
     0 | D:1      | Reached XP level 1. HP: 16/16 MP: 3/3
    56 | D:1      | Reached XP level 2. HP: 21/23 MP: 1/5
   644 | D:1      | Reached XP level 3. HP: 28/28 MP: 6/6
   651 | D:1      | Learned a level 2 spell: Sticks to Snakes
   955 | D:2      | Noticed Robin
  1231 | D:2      | HP: 1/28 [poisoned by a kobold]
  1232 | D:2      | Succumbed to a kobold's poison

Levels and vault maps discovered:
D:1:      sevenhm_arrival_forest_fort_large_4, layout_loops_corners
D:2:      layout_loops_ring, fiery_altar_vehumet, minmay_distorted,
          uniq_sigmund, uniq_robin

Skill      XL: |  1  2  3 |
---------------+----------+-----
Dodging        | 2 |  2.0
Transmutations | 3 |  3.1
Fighting       | |  1.2
Unarmed Combat | |  3.0
Spellcasting   | |  2.9

Action                   || total
-------------------------++-------
Melee: Unarmed           ||   120
       Kick              ||    18
       Tailslap          ||     7
       Headbutt          ||     2
       Punch             ||     2
 Cast: Beastly Appendage ||    25
       Sticks to Snakes  ||     1
  Use: Potion            ||     2
 Stab: Sleeping          ||     2
  Eat: Chunk             ||     1
Armor: Skin              ||    40
Dodge: Dodged            ||    77
